 Dungeon Crawl Stone Soup version 0.30-a0-250-g41c1d76940 (webtiles) character file.

Game seed: 5971375520082235088

1036 slphil the Trooper (level 8, 0/61 HPs)
             Began as a Djinni Fire Elementalist on Oct 12, 2022.
             Slain by Pikel
             ... wielding a +0 whip of freezing
              (3 damage)
             ... on level 7 of the Dungeon.
             The game lasted 00:09:35 (3483 turns).

slphil the Trooper (Djinni Fire Elementalist)       Turns: 3483, Time: 00:09:36

Health: 0/61       AC:  4    Str: 15    XL:     8   Next: 48%
Gold:   303        EV: 12    Int: 20    God:
                   SH:  0    Dex: 13

rFire   + + +      SeeInvis .    i - +3 dagger (drain)
rCold   x x .      Faith    .    (no shield)
rNeg    + . .      Spirit   .    s - +2 robe {rN+}
rPois   ∞          Reflect  .    (no helmet)
rElec   +          Harm     .    (no cloak)
rCorr   .          Rampage  .    (no gloves)
Will    .....                    (boots unavailable)
Stlth   ++........               (no amulet)
HPRegen 0.30/turn                v - ring of willpower
MPRegen 0.00/turn                k - ring "Utsijyga" {Fire *Corrode rElec Will- Str+8}

@: about to teleport, on blink cooldown, flying
A: sickness immunity, fire resistance 2, cold vulnerability 1, float, innate
caster, HP casting, extra vitality 1
a: no special abilities


You were on level 7 of the Dungeon.
You visited 1 branch of the dungeon, and saw 5 of its levels.

You collected 303 gold pieces.

Inventory:

Hand Weapons
 d - a +0 dagger
 h - a +0 dagger of speed
 i - a +3 dagger of draining (weapon)
 p - a +0 dagger of flaming
Armour
 a - a +1 robe
 s - a +2 robe of positive energy (worn)
Jewellery
 f - a ring of positive energy
 j - a ring of ice
 k - the ring "Utsijyga" (right hand) {Fire *Corrode rElec Will- Str+8}
   (You acquired it on level 4 of the Dungeon)

   [ring of fire]

   It enhances your fire magic.
   Str:       It affects your strength (+8).
   rF:        It protects you from fire.
   rC:        It makes you vulnerable to cold.
   rElec:     It insulates you from electricity.
   *Corrode:  It may corrode you when you take damage.
   Will:      It decreases your willpower.
 v - a ring of willpower (left hand)
Wands
 t - a wand of flame (15)
Scrolls
 c - a scroll of immolation
 g - a scroll of enchant weapon
 l - a scroll of poison
 o - a scroll of enchant armour
 r - a scroll of teleportation
Potions
 b - 2 potions of curing
 e - a potion of magic {unknown}
 m - 2 potions of mutation
 q - a potion of haste
 u - 2 potions of heal wounds


   Skills:
 + Level 6.2 Fighting
 - Level 2.7 Dodging
 - Level 2.1 Stealth
 + Level 5.5 Spellcasting


You couldn't memorise any spells.
You knew the following spells:

 Your Spells              Type           Power      Damage    Failure   Level
a - Foxfire               Conj/Fire      100%       2x1d9     1%          1
b - Scorch                Fire           82%        2d9       1%          2
c - Kindle Blastsparks    Fire/Tloc/Air  82%        2d16      3%          3
d - Inner Flame           Hex/Fire       41%        N/A       3%          3
e - Flame Wave            Conj/Fire      41%        2d11      12%         4
f - Magic Dart            Conj           100%       1d8       1%          1
g - Blink                 Tloc           54%        N/A       1%          2
h - Spider Form           Tmut/Pois      27%        N/A       3%          3
Your spell library was empty.

Dungeon Overview and Level Annotations

Branches:
Dungeon (4/15)
 Temple: D:4-7

Altars:

Shops:
D:7 *

Annotations:
D:3 3 runed translucent doors, Crazy Yiuf
D:7 Pikel


Innate Abilities, Weirdness & Mutations

You are immune to sickness and miasma.
You are immune to poison.
Your flesh is very heat resistant. (rF++)
You are vulnerable to cold. (rC-)
You float through the air rather than walking.
You learn spells naturally, not from books.
Your magical power is your life essence.
You have superior vitality. (+4 MHP)


Message History

Pikel is heavily wounded.
You feel a surge of power!
You conjure some foxfire!
The foxfire hits Pikel but does no damage.
Pikel is heavily wounded.
Pikel hits you but does no damage.
Unknown command.
Casting: Foxfire (safe; 1% risk of failure)
Confirm with . or Enter, or press ? or * to list all spells.
You feel a surge of power!
Flames lash Pikel.
Pikel is burned terribly!
Pikel is heavily wounded.
The foxfire hits Pikel but does no damage.
Pikel is heavily wounded.
The foxfire hits Pikel.
Pikel is burned terribly!
Pikel is severely wounded.
Pikel cracks his whip.
Pikel hits you with a +0 whip of freezing!
Pikel freezes you.
* * * LOW HITPOINT WARNING * * *
Casting: Scorch (safe; 1% risk of failure)
Confirm with . or Enter, or press ? or * to list all spells.
You feel a surge of power!
Flames lash Pikel.
Pikel is burned terribly!
Pikel is severely wounded.
* * * LOW HITPOINT WARNING * * *
Pikel completely misses you.
Pikel says, "Don't tell anyone, but I think Ereshkigal likes me."
Pikel hits you with a +0 whip of freezing.
* * * LOW HITPOINT WARNING * * *
Pikel freezes you.
* * * LOW HITPOINT WARNING * * *
Casting: Scorch (safe; 1% risk of failure)
Confirm with . or Enter, or press ? or * to list all spells.
You blink.
* * * LOW HITPOINT WARNING * * *
Unknown command.
As you read the scroll of teleportation, it crumbles to dust.
You feel strangely unstable.
Pikel hits you with a +0 whip of freezing.
* * * LOW HITPOINT WARNING * * *
Pikel freezes you.
You die...

# ####.###)# #
###.####.....#....
.........####.#####
.~~≈~~~~.# #.#
.~#####~.## #.#
#†..###.#
#≈...##.###########
#≈.......##........
#~......K@....####(
~~~~~...[........#
......##.#..##.###
########.#.....#
### #.#.###.##(..#
#.#.###....#.#.
...............
###....K###.##.
#$....# #


You could see Pikel (fast, combustible).

Vanquished Creatures
  Grinder (D:3)
  Sigmund (D:3)
  A black bear (D:4)
  A sky beast (D:7)
  An ogre (D:4)
  4 lemures (D:7)
  A phantom (D:4)
  A hound (D:7)
  3 orc priests
  A jelly (D:4)
  An iguana (D:4)
  A gnoll (D:4)
  7 adders
  8 orcs
  7 ball pythons
  3 bats
  3 endoplasms
  4 giant cockroaches
  12 goblins
  2 hobgoblins
  9 jackals (D:1)
  2 quokkas (D:1)
  4 frilled lizards
  11 kobolds
  6 rats
95 creatures vanquished.

Vanquished Creatures (others)
  319 foxfires
319 creatures vanquished.

Grand Total: 414 creatures vanquished

Notes
Turn   | Place    | Note
-------+----------+-------------------------------------------
     0 | D:1      | slphil the Djinni Fire Elementalist began the quest for the
                  | Orb.
     0 | D:1      | slphil set off with the following spells memorised:
                  | Foxfire, Scorch, Kindle Blastsparks, Inner Flame, Flame
                  | Wave.
     0 | D:1      | Reached XP level 1. HP: 15/15 MP: 0/0
   196 | D:1      | Reached XP level 2. HP: 19/21 MP: 0/0
   408 | D:1      | Reached XP level 3. HP: 22/25 MP: 0/0
   408 | D:1      | Learned a level 1 spell: Magic Dart
   732 | D:1      | Reached skill level 1 in Fighting
   987 | D:2      | Reached XP level 4. HP: 29/32 MP: 0/0
  1788 | D:3      | Noticed Sigmund
  1788 | D:3      | Noticed Grinder
  1840 | D:3      | Reached skill level 2 in Fighting
  1844 | D:3      | Reached XP level 5. HP: 24/39 MP: 0/0
  1844 | D:3      | Learned a level 2 spell: Blink
  2131 | D:3      | Killed Sigmund
  2132 | D:3      | Reached skill level 3 in Fighting
  2132 | D:3      | Reached XP level 6. HP: 41/47 MP: 0/0
  2204 | D:3      | Killed Grinder
  2205 | D:3      | Reached skill level 4 in Fighting
  2205 | D:3      | Reached XP level 7. HP: 44/53 MP: 0/0
  2205 | D:3      | Learned a level 3 spell: Spider Form
  2298 | D:3      | Found a large runed translucent door.
  2298 | D:3      | Found a large runed translucent door.
  2409 | D:3      | Found a runed translucent door.
  2410 | D:3      | Noticed Crazy Yiuf
  2716 | D:4      | Reached skill level 5 in Fighting
  2855 | D:4      | Identified a scroll of acquirement
  2855 | D:4      | Acquired the ring "Utsijyga" {Fire *Corrode rElec Will-
                  | Str+8}
  3163 | D:4      | Reached skill level 5 in Spellcasting
  3163 | D:4      | Reached XP level 8. HP: 55/60 MP: 0/0
  3285 | D:4      | You are sucked into a shaft and drop 3 floors!
  3305 | D:7      | Reached skill level 6 in Fighting
  3444 | D:7      | Found Ulequn's Neck Hole.
  3467 | D:7      | Noticed Pikel
  3483 | D:7      | HP: 3/61 [Pikel/+0 whip of freezing (5)]
  3483 | D:7      | Slain by Pikel

Illustrated notes

Levels and vault maps discovered:
D:1:      lightli_arrival_quake, layout_loops_ring,
          chequers_serial_rivers_micro_e, minmay_misc_feat_five,
          minmay_tetromino_t4
D:2:      layout_basic
D:3:      layout_rooms, jmf_multi_god_temple2, uniq_crazy_yiuf_cottage,
          uniq_sigmund, uniq_grinder
D:4:      minmay_chambers_of_twos, layout_basic
D:7:      layout_loops_ring, enter_bailey_3, nicolae_shop_sticking_my_neck_out,
          uniq_pikel

Skill      XL: |  1  2  3  4  5  6  7  8 |
---------------+-------------------------+-----
Stealth        | 2 |  2.1
Fighting       | 1 2 3 4 5 6 |  6.2
Spellcasting   | 3 4 5 |  5.5
Dodging        | |  2.7

Action                   |  1- 3 |  4- 6 |  7- 9 || total
-------------------------+-------+-------+-------++-------
 Cast: Foxfire           |    47 |    88 |    57 ||   192
       Scorch            |     9 |     7 |    19 ||    35
       Kindle Blastspark |       |       |     3 ||     3
       Blink             |       |       |     1 ||     1
       Flame Wave        |       |       |     1 ||     1
  Use: Scroll            |       |       |    11 ||    11
Armor: Robe              |     1 |     1 |     2 ||     4
Dodge: Dodged            |    10 |     4 |     7 ||    21

Table legend: (Time is in decaauts)
 A = Elapsed time spent in this place.
 B = Non-inter-level travel time spent in this place.
 C = Inter-level travel time spent in this place.
 D = Time resting spent in this place.
 E = Time spent auto-exploring this place.
 F = Levels seen in this place.
 G = Mean time per level.
                   A        B        C        D        E       F      G
               +--------+--------+--------+--------+--------+-----+--------+
         Total |   3479 |   3333 |    146 |    196 |   2594 |   5 |  695.8 |
       Dungeon |   3479 |   3333 |    146 |    196 |   2594 |   5 |  695.8 |
               +--------+--------+--------+--------+--------+-----+--------+

Top non-repeatable levels by time:
     D:2: 1098 daAuts
     D:1: 894 daAuts
     D:4: 714 daAuts
     D:3: 573 daAuts
     D:7: 197 daAuts
